 Dungeon Crawl Stone Soup version 0.28.0 (webtiles) character file.

Game seed: 1358493180487403809

1444 fiver49 the Carver (level 8, 0/59 HPs)
             Began as a Barachi Abyssal Knight on Feb 5, 2022.
             Was a Believer of Lugonu.
             Succumbed to a kobold brigand's poison
             ... on level 6 of the Dungeon.
             The game lasted 00:16:35 (5964 turns).

fiver49 the Carver (Barachi Abyssal Knight)         Turns: 5964, Time: 00:16:36

Health: 0/59       AC:  9    Str: 18    XL:     8   Next: 74%
Magic:  12/12      EV: 15    Int: 10    God:    Lugonu [**....]
Gold:   215        SH:  0    Dex: 12    Spells: 7/7 levels left

rFire   . . .      SeeInvis .   p - +0 long sword (protect)
rCold   + . .      Faith    .   (no shield)
rNeg    . . .      Spirit   .   r - +2 leather armour {rC+}
rPois   .          Reflect  .   f - +0 helmet
rElec   .          Harm     .   (no cloak)
rCorr   .          Rampage  .   i - +2 pair of gloves
Will    .....                   (no boots)
Stlth   +.........              (no amulet)
HPRegen 0.19/turn               w - ring of flight
MPRegen 0.13/turn               y - +4 ring of evasion

@: lethally poisoned (0 -> -9), unable to hop, flying, studying Conjurations,
slow
A: amphibious, slowness 1, strong legs 1, +LOS, claws 1, screaming 1
a: Hop, Renounce Religion, Depart the Abyss, Bend Space


You were on level 6 of the Dungeon.
You worshipped Lugonu.
Lugonu was pleased with you.
You visited 1 branch of the dungeon, and saw 6 of its levels.
You visited the Abyss 1 time.

You collected 319 gold pieces.
You spent 104 gold pieces at shops.

Inventory:

Hand Weapons
 a - a +1 falchion
 e - a +0 dagger
   (You took it off a kobold on level 1 of the Dungeon)
 p - a +0 long sword of protection (weapon)
   (You bought it in a shop on level 3 of the Dungeon)
 s - a +2 dagger of freezing
   (You took it off an orc on level 4 of the Dungeon)
 t - the +6 dagger "Beshrud" {vorpal, rPois rF++ Int+2}
   (You found it on level 4 of the Dungeon)

   It inflicts extra damage upon your enemies.
   Int:       It affects your intelligence (+2).
   rF:        It greatly protects you from fire.
   rPois:     It protects you from poison.
Armour
 b - a +0 leather armour
 f - a +0 helmet (worn)
   (You found it on level 1 of the Dungeon)
 i - a +2 pair of gloves (worn)
   (You found it on level 2 of the Dungeon)
 k - a +0 ring mail
   (You found it on level 2 of the Dungeon)
 r - a +2 leather armour of cold resistance (worn)
   (You took it off an orc on level 3 of the Dungeon)
Jewellery
 h - a +6 ring of intelligence
   (You found it on level 1 of the Dungeon)
 w - a ring of flight (left hand)
   (You took it off an orc on level 4 of the Dungeon)
 y - a +4 ring of evasion (right hand)
   (You found it on level 5 of the Dungeon)
Scrolls
 c - 3 scrolls of identify {unknown}
 d - a scroll of immolation {unknown}
 l - a scroll of fear {unknown}
 m - a scroll of enchant armour {unknown}
 u - a scroll of teleportation {unknown}
 v - 2 scrolls of fog {unknown}
 x - a scroll of amnesia {unknown}
Potions
 g - 3 potions of mutation
 n - a potion of attraction
 o - a potion of flight {unknown}


   Skills:
 - Level 3.6 Fighting
 * Level 10.6 Long Blades
 - Level 2.4 Armour
 - Level 1.1 Dodging
 + Level 5.6 Invocations


You had 7 spell levels left.
You didn't know any spells.
Your spell library contained the following spells:

 Spells                   Type           Power      Damage    Failure   Level
 Animate Skeleton         Necr           0%         N/A       41%         1
 Pain                     Necr           0%         1d4       41%         1
 Corpse Rot               Necr/Air       0%         N/A       56%         2
 Poisonous Vapours        Pois/Air       0%         N/A       56%         2
 Ozocubu's Armour         Ice            0%         N/A       80%         3
 Vampiric Draining        Necr           0%         2d6       80%         3
 Metabolic Englaciation   Hex/Ice        0%         N/A       100%        5
 Simulacrum               Ice/Necr       0%         N/A       100%        6


Dungeon Overview and Level Annotations

Branches:
Dungeon (6/15)
 Temple: D:4-7

Altars:
Gozag
Ru
Trog

Shops:
D:3 (   D:4 *

Annotations:
Abyss:1 Grinder


Innate Abilities, Weirdness & Mutations

You are amphibious.
You cover ground slowly.
You can hop short distances.
You have an extended range of vision and can be seen from far away.
You have sharp fingernails.
You occasionally shout uncontrollably at your foes.


Message History

The bullfrog skeleton hits you but does no damage.
You slash the bullfrog skeleton!
The bullfrog skeleton is severely damaged.
The bullfrog skeleton misses you.
You hit the bullfrog skeleton.
The bullfrog skeleton is almost destroyed.
The bullfrog skeleton barely misses you.
You completely miss the bullfrog skeleton.
The bullfrog skeleton is almost destroyed.
The bullfrog skeleton hits you but does no damage.
You hit the bullfrog skeleton.
You destroy the bullfrog skeleton!
Lugonu accepts your kill.
No target in view!
You start resting.
HP restored.
An ice beast and a kobold brigand come into view.
The kobold brigand is wielding a +1 short sword of venom and quivering curare-tipped darts.
The kobold brigand shouts!
You see here 3 sling bullets.
You closely miss the kobold brigand. The kobold brigand closely misses you.
You closely miss the kobold brigand. The kobold brigand closely misses you.
You closely miss the kobold brigand. You completely miss the kobold brigand.
The kobold brigand completely misses you.
You slash the kobold brigand!
Your weapon exudes an aura of protection.
The kobold brigand is moderately wounded.
The kobold brigand hits you but does no damage.
You are poisoned.
You hit the kobold brigand but do no damage.
The kobold brigand is moderately wounded.
You feel very sick.
The kobold brigand hits you but does no damage.
You are more poisoned.
You barely miss the kobold brigand.
The kobold brigand is moderately wounded.
You feel very sick. The kobold brigand barely misses you.
You barely miss the kobold brigand.
The kobold brigand is moderately wounded.
You feel very sick.
The kobold brigand hits you but does no damage.
You barely miss the kobold brigand.
The kobold brigand is moderately wounded.
You feel very sick.
The kobold brigand hits you with a +1 short sword of venom.
You are more poisoned.
You barely miss the kobold brigand.
The kobold brigand is moderately wounded.
You feel very sick.
You hit the kobold brigand but do no damage.
The kobold brigand is moderately wounded.
You feel very sick. The kobold brigand misses you.
You barely miss the kobold brigand.
The kobold brigand is moderately wounded.
You feel sick.
The kobold brigand hits you but does no damage.
You are more poisoned.
You hit the kobold brigand but do no damage.
The kobold brigand is moderately wounded.
You feel very sick.
The kobold brigand hits you but does no damage.
You are more poisoned.
You are too injured to fight recklessly!
You are too injured to fight recklessly!
Okay, then.
You hit the kobold brigand.
The kobold brigand is heavily wounded.
You feel very sick. The kobold brigand barely misses you.
You completely miss the kobold brigand. You punch the kobold brigand.
The kobold brigand is heavily wounded.
You feel very sick. The kobold brigand misses you.
You barely miss the kobold brigand.
The kobold brigand is heavily wounded.
You feel very sick.
The kobold brigand hits you with a +1 short sword of venom.
* * * LOW HITPOINT WARNING * * *
You are lethally poisoned!
You closely miss the kobold brigand.
The kobold brigand is heavily wounded.
* * * LOW HITPOINT WARNING * * *
You feel very sick.
Hop to where?
Press: ? - help, Dir - move target Boing!
* * * LOW HITPOINT WARNING * * *
You feel very sick.
The kobold brigand throws a curare-tipped dart.
The curare-tipped dart completely misses you.
* * * LOW HITPOINT WARNING * * *
You feel very sick.
* * * LOW HITPOINT WARNING * * *
You feel very sick.
There is a stone staircase leading up here.
It was a potion of cancellation.
You feel magically purged.
You die...

..... #.#... .
....##### #.
#...#...#
..##...#..@# .
.....#...#
#..##...#...#
........##.######
####..........#
#.Y(..##......#
#..#K............
#..#.....8P...#.#
#..###......#.# #


There were no monsters in sight!

Vanquished Creatures
  Pargi (D:4)
  2 ice beasts
  A black bear (D:5)
  An ogre (D:5)
  A wyvern zombie (D:6)
  A water moccasin skeleton (D:6)
  A bullfrog skeleton (D:6)
  A jelly (D:4)
  An orc priest (D:3)
  A hound (D:4)
  2 iguanas
  4 orc wizards
  5 adders
  A shadow imp (D:5)
  An adder skeleton (D:4)
  2 dart slugs (D:1)
  14 orcs
  9 ball pythons
  5 endoplasms
  4 giant cockroaches
  6 goblins
  8 hobgoblins
  3 jackals (D:5)
  7 quokkas
  7 bats
  2 frilled lizards
  3 kobolds
  8 rats
102 creatures vanquished.

Notes
Turn   | Place    | Note
-------+----------+-------------------------------------------
     0 | Abyss:1  | fiver49 the Barachi Abyssal Knight began the quest for the
                  | Orb.
     0 | Abyss:1  | Reached XP level 1. HP: 18/18 MP: 2/2
     7 | Abyss:1  | Found a corrupted altar of Lugonu.
    15 | D:1      | Escaped the Abyss
   332 | D:1      | Reached skill level 3 in Long Blades
   450 | D:1      | Reached XP level 2. HP: 24/24 MP: 3/3
   561 | D:1      | Reached skill level 2 in Invocations
   743 | D:1      | Reached XP level 3. HP: 26/29 MP: 4/4
   858 | D:1      | Found a faded altar of an unknown god.
   866 | D:1      | Reached ** piety under Lugonu
  1152 | D:2      | Reached skill level 4 in Long Blades
  1196 | D:2      | Found a bloodstained altar of Trog.
  1452 | D:2      | Reached XP level 4. HP: 36/36 MP: 5/5
  2620 | D:3      | Reached skill level 5 in Long Blades
  2637 | D:3      | Found Ohiola's Antique Weapon Shoppe.
  2654 | D:3      | Bought a runed long sword for 104 gold pieces
  2984 | D:4      | Noticed Pargi
  2984 | D:4      | Noticed Grinder
  3070 | D:4      | Found Gozag's Platinum Reserve.
  3081 | D:4      | Found an opulent altar of Gozag.
  3112 | D:4      | Reached XP level 5. HP: 41/41 MP: 7/7
  3315 | D:4      | Reached skill level 3 in Invocations
  3315 | D:4      | Reached *** piety under Lugonu
  3322 | D:4      | Identified the +6 dagger "Beshrud" {vorpal, rPois rF++
                  | Int+2}
  3385 | D:4      | Noticed an ice beast
  3410 | D:4      | Killed an ice beast
  3411 | D:4      | Reached skill level 6 in Long Blades
  3411 | D:4      | Reached XP level 6. HP: 24/47 MP: 8/8
  3583 | D:4      | Paralysed by Grinder for 4 turns
  3593 | D:4      | Banished Grinder
  3594 | D:4      | Reached skill level 7 in Long Blades
  3594 | D:4      | Reached skill level 4 in Invocations
  3594 | D:4      | Reached XP level 7. HP: 24/52 MP: 4/10
  3852 | D:4      | Killed Pargi
  3853 | D:4      | Reached skill level 8 in Long Blades
  4627 | D:4      | Identified the +7 spear of Edaav {drain, Fly rC- rN++ MP+9}
  4680 | D:5      | Entered Level 5 of the Dungeon
  4868 | D:5      | Reached skill level 9 in Long Blades
  4868 | D:5      | Reached XP level 8. HP: 44/59 MP: 6/11
  4891 | D:5      | Gained mutation: You have sharp fingernails. [potion of
                  | mutation]
  4891 | D:5      | Gained mutation: You occasionally shout uncontrollably at
                  | your foes. [potion of mutation]
  4896 | D:5      | HP: 14/59 [water moccasin (2)]
  4899 | D:4      | Reached skill level 5 in Invocations
  4899 | D:4      | HP: 6/59 [poisoned by a water moccasin]
  4903 | D:4      | HP: 2/59 [poisoned by a water moccasin]
  5469 | D:5      | Found a sacrificial altar of Ru.
  5709 | D:5      | Reached skill level 10 in Long Blades
  5831 | D:6      | Noticed a troll
  5960 | D:6      | HP: 12/59 [poisoned by a kobold brigand]
  5962 | D:6      | HP: 4/59 [poisoned by a kobold brigand]
  5963 | D:6      | HP: 1/59 [poisoned by a kobold brigand]
  5964 | D:6      | Succumbed to a kobold brigand's poison

Illustrated notes

Levels and vault maps discovered:
D:1:      lemuel_arrival_muddy, layout_basic,
          chequers_ecumenical_altar_simple_redux, st_stairs_10
D:2:      layout_basic, basic_altar
D:3:      layout_basic, serial_shops, shop_coins
D:4:      minmay_inner_zag, layout_cave_pools, nicolae_gozag_zags_fifth_avenue,
          kennysheep_decorative_pillar, uniq_pargi, uniq_grinder
D:5:      layout_cave_pools, kennysheep_little_box, minivault_14,
          minmay_tree_intersection, minmay_manual_mail
D:6:      minmay_angry_zag, layout_basic, serial_shops, shop, serial_undead,
          serial_undead_b, serial_undead_b, serial_undead_c, serial_undead_e,
          serial_undead_d, serial_undead_c, uniq_crazy_yiuf_cottage, uniq_pikel

Skill      XL: |  1  2  3  4  5  6  7  8 |
---------------+-------------------------+-----
Long Blades    | 3 4 5 6 7 9 10 | 10.6
Invocations    | 2 3 4 5 |  5.6
Fighting       | |  3.6
Armour         | |  2.4
Dodging        | |  1.1

Action                   |  1- 3 |  4- 6 |  7- 9 || total
-------------------------+-------+-------+-------++-------
Melee: Falchion          |   100 |    82 |       ||   182
       Long sword        |       |    62 |   186 ||   248
       Punch             |       |     1 |     3 ||     4
Invok: Banish            |       |     1 |     3 ||     4
 Abil: Hop               |       |       |     3 ||     3
  Use: Potion            |       |       |     3 ||     3
       Scroll            |       |       |     2 ||     2
Armor: Leather armour    |    26 |    22 |   107 ||   155
       Ring mail         |     8 |    52 |       ||    60
Dodge: Dodged            |    66 |    66 |   123 ||   255

Table legend: (Time is in decaauts)
 A = Elapsed time spent in this place.
 B = Non-inter-level travel time spent in this place.
 C = Inter-level travel time spent in this place.
 D = Time resting spent in this place.
 E = Time spent auto-exploring this place.
 F = Levels seen in this place.
 G = Mean time per level.
                   A        B        C        D        E       F      G
               +--------+--------+--------+--------+--------+-----+--------+
         Total |   6617 |   6320 |    297 |    829 |   4174 |   7 |  945.3 |
       Dungeon |   6599 |   6302 |    297 |    829 |   4166 |   6 | 1099.8 |
         Abyss |     17 |     17 |      0 |      0 |      8 |   1 |   17.0 |
               +--------+--------+--------+--------+--------+-----+--------+

Top non-repeatable levels by time:
     D:4: 1928 daAuts
     D:3: 1346 daAuts
     D:1: 1250 daAuts
     D:2: 1006 daAuts
     D:5: 941 daAuts
     D:6: 125 daAuts
 Abyss:1: 17 daAuts

Table legend:
 A = Kills in this place as a percentage of kills in entire the game.
 B = Kills by you in this place as a percentage of kills by you in the entire game.
 C = Kills by friends in this place as a percentage of kills by friends in the entire game.
 D = Other kills in this place as a percentage of other kills in the entire game.
 E = Experience gained in this place as a percentage of experience gained in the entire game.
 F = Experience gained in this place divided by the number of levels of this place that you have seen.
                   A       B       C       D       E      F
               +-------+-------+-------+-------+-------+----------------------
         Total | 100.0 | 100.0 |   N/A | 100.0 | 100.0 | 294.7
       Dungeon | 100.0 | 100.0 |   N/A | 100.0 | 100.0 | 343.8
               +-------+-------+-------+-------+-------+----------------------
